Map: 荣耀祭坛-天梯版

Players

电脑难度(新手) - Winner!

  • Race: Terran Terran

hAppynOOb

  • Race: Protoss Protoss
  • League: Diamond

VOD

Have the link to the VOD?

Description

Time

  • Played on: Feb. 21, 2022, 1:06 a.m.
  • Length: 9:41
Show
View Real Time Build Order
Export as new Build Order

电脑难度(新手) Terran - Winner!

Build Orders:  

Get SALT Encoding   

  12  0:00  SCV  
  13  0:13  SCV  
  14  0:18  Supply Depot  
  14  0:37  Refinery  
  14  0:42  Barracks  
  14  1:03  Supply Depot  
  14  1:11  Refinery  
  14  1:28  Barracks Tech Lab  
  14  1:29  Orbital Command  
  14  1:46  Marine  
  15  1:55  SCV  
  16  2:07  SCV  
  17  2:19  SCV  
  18  2:27  Marine  
  19  2:31  SCV  
  20  2:43  SCV  
  21  2:55  SCV  
  22  3:08  Marauder  
  24  5:00  Marine  
  24  5:04  SCV  
  24  5:05  Supply Depot  
  15  5:16  SCV  
  9  5:28  SCV  
  8  5:29  Marauder  
  10  5:40  SCV  
  11  5:52  SCV  
  12  5:58  Marauder  
  14  6:04  SCV  
  15  6:16  SCV  
  16  6:23  Factory  
  16  6:28  SCV  
  16  6:29  Command Center  
  16  6:31  Marine  
  18  6:40  SCV  
  19  6:52  SCV  
  15  7:04  Marine  
  15  7:05  SCV  
  15  7:08  Starport  
  17  7:17  SCV  
  18  7:29  SCV  
  19  7:38  Marine  
  19  7:41  SCV  
  19  7:43  SCV  
  19  7:44  Refinery  
  22  7:52  Starport Tech Lab, Refinery  
  22  7:53  SCV  
  22  7:57  SCV  
  22  8:05  SCV  
  22  8:11  SCV  
  22  8:12  Raven, Marauder  
  25  8:18  SCV  
  25  8:26  SCV  
  24  8:33  SCV  
  25  8:40  SCV  
  26  8:45  Hellion  
  26  8:47  SCV  
  25  8:54  SCV  
  25  8:55  Raven  
  27  9:01  SCV  
  28  9:13  Marauder  
  28  9:14  Supply Depot  
  28  9:16  SCV  
  28  9:28  SCV  
  28  9:31  Command Center  
Show
View Real Time Build Order
Export as new Build Order

hAppynOOb Protoss 

Build Orders: 1 Gate Expand, Dark Templar Rush 

Get SALT Encoding   

  12  0:01  Probe  
  13  0:13  Probe  
  14  0:19  Pylon  
  14  0:25  Probe  
  15  0:37  Probe (Chrono Boost)  
  15  0:41  Gateway  
  16  0:43  Assimilator  
  16  0:49  Probe (Chrono Boost)  
  17  0:54  Probe (Chrono Boost)  
  18  1:03  Probe  
  19  1:16  Probe  
  20  1:22  Nexus  
  20  1:33  Cybernetics Core  
  20  1:35  Probe (Chrono Boost)  
  21  1:45  Assimilator  
  22  1:47  Probe (Chrono Boost)  
  22  1:53  Pylon, Probe (Chrono Boost)  
  23  2:09  Adept (Chrono Boost)  
  23  2:10  Warp Gate  
  23  2:11  Probe  
  26  2:23  Twilight Council, Probe  
  27  2:31  Stalker  
  29  2:40  Probe (Chrono Boost)  
  31  2:45  Probe (Chrono Boost)  
  31  2:50  Probe (Chrono Boost)  
  32  2:52  Robotics Facility  
  32  2:53  Probe (Chrono Boost)  
  32  2:57  Probe  
  33  3:04  Probe  
  35  3:10  Probe  
  36  3:16  Probe  
  37  3:20  Dark Shrine  
  37  3:22  Probe  
  38  3:28  Probe  
  38  3:32  Gateway  
  38  3:34  Probe  
  40  3:36  Gateway  
  40  3:40  Warp Prism (Chrono Boost), Probe  
  43  3:50  Probe  
  43  3:54  Pylon  
  44  3:57  Assimilator, Probe  
  44  4:01  Pylon  
  45  4:07  Probe  
  46  4:14  Probe  
  46  4:15  Stalker  
  49  4:20  Probe  
  50  4:26  Probe  
  51  4:32  Probe  
  51  4:37  Dark Templar x2  
  51  4:38  Dark Templar, Probe  
  57  4:44  Probe  
  60  4:50  Probe  
  60  4:52  Observer  
  62  4:53  Nexus  
  62  5:05  Pylon  
  62  5:10  Robotics Bay  
  62  5:14  Assimilator  
  62  5:19  Pylon  
  62  5:21  Pylon  
  62  5:23  Probe x2  
  62  5:24  Observer  
  62  5:27  Stalker x2  
  69  5:36  Probe  
  69  5:37  Probe  
  69  5:41  Stalker  
  73  5:48  Forge, Probe  
  73  5:49  Probe, Forge  
  75  5:53  Observer (Chrono Boost)  
  75  5:55  Stalker x2  
  80  6:01  Probe x2 (Chrono Boost)  
  82  6:10  Colossus (Chrono Boost)  
  83  6:13  Probe x2 (Chrono Boost)  
  83  6:15  Sentry  
  83  6:16  Probe (Chrono Boost)  
  93  6:21  Probe (Chrono Boost)  
  93  6:22  Probe (Chrono Boost)  
  93  6:24  Assimilator, Probe (Chrono Boost)  
  96  6:27  Assimilator, Protoss Ground Armor Level 1 (Chrono Boost), Protoss Ground Weapons Level 1 (Chrono Boost)  
  96  6:29  Probe (Chrono Boost)  
  96  6:30  Probe (Chrono Boost)  
  96  6:31  Probe (Chrono Boost)  
  99  6:37  Pylon  
  99  6:38  Probe  
  99  6:39  Pylon  
  100  6:40  Probe  
  101  6:55  Probe x2  
  101  6:56  Probe  
  101  6:57  Colossus  
  101  7:00  Extended Thermal Lance  
  110  7:07  Gateway  
  110  7:08  Probe x2  
  112  7:09  Gateway, Probe  
  112  7:10  Stalker x2  
  112  7:11  Gateway  
  117  7:24  Gateway  
  117  7:27  Gateway  
  117  7:29  Gateway  
  117  7:32  Pylon x2  
  117  7:36  Robotics Facility  
  117  7:38  Shield Battery  
  117  7:39  Shield Battery  
  117  7:50  Probe x3  
  121  7:51  Observer  
  121  7:52  Nexus  
  121  7:53  Stalker x2  
  121  7:54  Stalker  
  127  8:02  Probe x3  
  130  8:12  Stalker  
  132  8:17  Pylon  
  132  8:20  Pylon  
  132  8:24  Pylon  
  132  8:35  Immortal x2  
  132  8:38  Stalker  
  132  8:39  Stalker x3  
  148  8:50  Sentry  
  148  8:51  Stalker, Sentry  
  148  8:53  Pylon  
  148  8:54  Stalker  
  156  8:58  Pylon  
  156  9:00  Pylon  
  156  9:02  Pylon  
  156  9:05  Stalker  
  156  9:06  Stalker, Pylon  
  160  9:10  Templar Archives  
  168  9:25  Shield Battery  
Tags
 
Add a new tag
Caveats
  • Supply blocks, unpowered buildings, or Contaminate may cause inaccurate times.
  • Supply counts are checked every 10 seconds.